 Dungeon Crawl Stone Soup version 0.32-a0-913-g739538afd8 (webtiles) character file.

Game seed: 17472264331150167253

128381 RoseCult the Tortoise (level 16, 0/155 HPs)
             Began as a Minotaur Fighter on Apr 8, 2024.
             Was a Believer of Jiyva.
             Slain by a spark wasp (2 damage)
             ... on level 2 of the Spider Nest.
             The game lasted 01:10:14 (27511 turns).

RoseCult the Tortoise (Minotaur Fighter)           Turns: 27511, Time: 01:10:15

Health: 0/155      AC: 32    Str: 29    XL:     16   Next: 48%
Magic:  15/15      EV: 13    Int:  5    God:    Jiyva [**....]
Gold:   2743       SH:  0    Dex: 10    Spells: 15/15 levels left

rFire   + . .        Q - +7 battleaxe "Jog Xuf" {drain, rElec}
rCold   + . .        (shield currently unavailable)
rNeg    . . .        K - +18 Lear's hauberk
rPois   .            (helmet currently unavailable)
rElec   +            F - scarf {rC+ rF+}
rCorr   +            (gloves currently unavailable)
SInv    +            (boots currently unavailable)
Will    +....        Y - amulet of regeneration Stlth
                     B - +5 ring of evasion
HPRegen 2.21/turn    A - ring of see invisible
MPRegen 0.62/turn

%: no passive effects
@: no status effects
A: horns 2, retaliatory headbutt
a: Renounce Religion


You were on level 2 of the Spider Nest.
You worshipped Jiyva.
Jiyva was pleased with you.
You visited 4 branches of the dungeon, and saw 27 of its levels.
You visited the Abyss 1 time.
You also visited: Ice Cave.

You collected 3145 gold pieces.
You spent 402 gold pieces at shops.

Inventory:

Hand Weapons
 Q - the +7 battleaxe "Jog Xuf" (weapon) {drain, rElec}
   (You bought it in a shop on level 8 of the Dungeon)

   rElec:     It insulates you from electricity.
Missiles
 a - a throwing net
 m - 2 javelins
 p - 39 poisoned darts
 s - 14 boomerangs
 M - 8 curare-tipped darts
Armour
 F - a scarf of resistance (worn)
 K - the +18 Lear's hauberk (worn)
   (You found it on level 7 of the Dungeon)
Jewellery
 b - a ring of flight
 A - a ring of see invisible (right hand)
 B - a +5 ring of evasion (left hand)
 D - an amulet of reflection
 H - a +5 ring of evasion
 Y - an amulet of regeneration (around neck)
Wands
 v - a wand of flame (81) (quivered)
 G - a wand of polymorph (12)
 L - a wand of roots (25)
 S - a wand of mindburst (14)
 T - a wand of paralysis (11)
 W - a wand of acid (11)
Scrolls
 f - a scroll of enchant weapon
 k - 4 scrolls of enchant armour
 n - a scroll of blinking
 o - 3 scrolls of immolation
 q - a scroll of silence
 r - a scroll of fog
 t - 8 scrolls of teleportation
 y - 3 scrolls of noise
 z - a scroll of identify
 E - 3 scrolls of torment
 N - 4 scrolls of poison
 O - 2 scrolls of brand weapon
 P - a scroll of vulnerability
 R - 3 scrolls of butterflies
 U - 2 scrolls of fear
Potions
 c - a potion of enlightenment {unknown}
 d - 3 potions of brilliance
 e - 8 potions of curing
 g - 4 potions of mutation
 h - 4 potions of lignification
 i - a potion of might
 j - 3 potions of haste
 l - 5 potions of magic
 w - 3 potions of attraction
 x - 3 potions of invisibility
 C - 2 potions of resistance
 I - 6 potions of berserk rage
 X - 12 potions of ambrosia
 Z - a potion of cancellation
Miscellaneous
 u - a box of beasts


   Skills:
 + Level 17.3 Fighting
 + Level 17.1 Axes
 + Level 10.5 Throwing
 + Level 17.3 Armour
 + Level 17.3 Shields


You had 15 spell levels left.
You didn't know any spells.
Your spell library contained the following spells:

 Spells                   Type           Power      Damage    Failure   Level
 Foxfire                  Conj/Fire      0%         2x1d4     80%         1
 Freeze                   Ice            0%         1d3       80%         1
 Magic Dart               Conj           0%         1d3       80%         1
 Sandblast                Erth           0%         2d4       80%         1
 Blink                    Tloc           0%         N/A       91%         2
 Call Imp                 Summ           0%         N/A       91%         2
 Cigotuvi's Dreadful Rot  Necr/Alch/Air  0%         N/A       91%         2
 Jinxbite                 Hex            0%         N/A       91%         2
 Dazzling Flash           Conj/Hex       0%         N/A       99%         3
 Frozen Ramparts          Ice            0%         1d1       99%         3
 Hailstorm                Conj/Ice       0%         3d5       99%         3
 Inner Flame              Hex/Fire       0%         N/A       99%         3
 Ozocubu's Armour         Ice            0%         N/A       99%         3
 Passwall                 Erth           0%         N/A       99%         3
 Sigil of Binding         Hex            0%         N/A       99%         3
 Stone Arrow              Conj/Erth      0%         3d7       99%         3
 Tukima's Dance           Hex            0%         N/A       99%         3
 Volatile Blastmotes      Fire/Tloc      0%         2d10      99%         3
 Animate Armour           Summ/Erth      0%         N/A       100%        4
 Brom's Barrelling Bould  Conj/Erth      0%         2d3       100%        4
 Dispel Undead            Necr           0%         3d6       100%        4
 Flame Wave               Conj/Fire      0%         2d4       100%        4
 Fulminant Prism          Conj/Alch      0%         3d5       100%        4
 Iskenderun's Mystic Bla Conj/Tloc 0%             2d3        (+2d1     100%        4
 Martyr's Knell           Necr/Summ      0%         N/A       100%        4
 Passage of Golubria      Tloc           0%         N/A       100%        4
 Sticky Flame             Fire/Alch      0%         2d4       100%        4
 Irradiate                Conj/Alch      0%         3d11      100%        5
 Metabolic Englaciation   Hex/Ice        0%         N/A       100%        5
 Yara's Violent Unravell  Hex/Alch       0%         3d3       100%        5
 Death Channel            Necr           0%         N/A       100%        6
 Permafrost Eruption      Ice/Erth       0%         2x4d1     100%        6
 Plasma Beam              Fire/Air       0%         2x1d10    100%        6
 Sculpt Simulacrum        Ice/Alch       0%         N/A       100%        6
 Starburst                Conj/Fire      0%         6d3       100%        6
 Enfeeble                 Hex            0%         N/A       100%        7
 Ozocubu's Refrigeration  Ice            0%         4d7       100%        7
 Lehudib's Crystal Spear  Conj/Erth      0%         10d2      100%        8
 Maxwell's Capacitive Co  Air            0%         ∞         100%        8
 Polar Vortex             Ice            0%         N/A       100%        9


Dungeon Overview and Level Annotations

Branches:
Dungeon (15/15)            Temple (0/1) D:5            Lair (5/5) D:10
  Swamp (0/4) Lair:2       Spider (2/4) Lair:3        Slime (5/5) Lair:5
    Orc (0/2) D:9          Vaults (0/5) D:13         Depths (0/4) D:15
  IceCv (visited)

Altars:
Vehumet
The Shining One
Jiyva

Shops:
D:8 (   D:15 (

Portals:
Trove: D:15 (give 9 potions of haste)

Annotations:
D:4 Dowan
Slime:5 Royal Jelly


Innate Abilities, Weirdness & Mutations

You have a pair of horns on your head.
You reflexively headbutt those who attack you in melee.


Message History

The spark wasp attacks as it pursues you!
The spark wasp stings you but does no damage. x2
The jumping spider leaps!
The jumping spider leaps!
You hear a distant slurping noise.
A redback comes into view.
The spark wasp stings you!
* * * LOW HITPOINT WARNING * * *
The spark wasp shocks you. You resist.
* * * LOW HITPOINT WARNING * * *
The jumping spider leaps!
You hear a distant slurping noise.
The jumping spider leaps!
The spark wasp attacks as it pursues you!
The spark wasp completely misses you. The redback attacks as it pursues you!
The redback bites you.
* * * LOW HITPOINT WARNING * * *
The spark wasp misses you.
The redback bites you but does no damage.
The spark wasp attacks as it pursues you!
The spark wasp stings you but does no damage.
The redback bites you but does no damage.
The spark wasp attacks as it pursues you!
The spark wasp stings you!!
* * * LOW HITPOINT WARNING * * *
The spark wasp shocks you. You resist.
* * * LOW HITPOINT WARNING * * *
The jumping spider barely misses you. You furiously retaliate!
You headbutt the jumping spider! The jumping spider closely misses you.
The redback misses you. You furiously retaliate!
You headbutt the redback.
A redback comes into view.
The spark wasp attacks as it pursues you!
The spark wasp stings you!
* * * LOW HITPOINT WARNING * * *
The spark wasp shocks you. You resist.
* * * LOW HITPOINT WARNING * * *
A redback comes into view.
The redback barely misses you. The spark wasp stings you.
You die...
Jiyva sends a jelly to digest your remains.

#...#°†#....######....###....#
..........##....##.....#.###^..#
......##....#>...#.......#....##
...^.........s........#......###
.#..°##.#..#...s.......#..#....#
#............#s...#.###........
#.. ..##s.#..#^#s.#..###.##.#.#
#..#.s.#.....ssys.^............
#.......#.#@#.##..#.........
.......#...........^##^..
...#..†#.....#....##.##..
#.....<....##..#.#...###
........#..###.....#.<...
..#####.#.###...#^....... #####
#>..#........ #..#...#.#.#.
#...#...####.


You could see a spark wasp, an orb spider, a jumping spider and 5 redbacks.

Vanquished Creatures
  Asterion (Spider:1)
  Gastronok (D:9)
  The ghost of jestert79 the Frost Mage, a journeyman DgAE (Spider:1)
  A frost giant (IceCv)
  2 broodmothers
  2 spark wasps (Spider:2)
  The ghost of EvilEddieB the Fighter, a journeyman DsNe of Jiyva (Spider:1)
  A fire dragon (D:15)
  An entropy weaver (Spider:2)
  A rakshasa (D:15)
  5 hydras
  A jorogumo (Spider:1)
  4 vault guards
  2 radroaches (Spider:1)
  Harold (D:9)
  An ogre mage (D:13)
  A catoblepas (D:15)
  2 death knights (D:14)
  A two-headed ogre (D:12)
  4 boulder beetles
  6 centaur warriors
  19 death yaks
  2 demonic crawlers
  A vampire mage (D:15)
  6 skeletal warriors
  2 pharaoh ants (Spider:1)
  Amaemon (D:11)
  2 skysharks
  A storm dragon skeleton (D:15)
  A deep elf archer (D:13)
  An orb spider (Spider:2)
  An arcanist (D:13)
  Pikel (D:4)
  A phantasmal warrior (D:14)
  2 orc knights
  9 wolf spiders
  2 steelbarb worms
  A necromancer (D:15)
  3 ugly things
  4 lindwurms (Lair:4)
  2 deep elf pyromancers
  2 deep elf zephyrmancers (D:13)
  7 cyclopes
  3 meliai (D:15)
  2 moths of wrath
  8 black mambas
  17 elephants (Lair:5)
  2 torpor snails (Spider:1)
  An ice statue (IceCv)
  A guardian serpent (Lair:5)
  An orange demon (D:11)
  Maggie (D:9)
  A cane toad (shapeshifter) (D:15)
  3 gargoyles
  9 rime drakes
  24 cane toads
  Jeremiah (Lair:1)
  3 unseen horrors
  A kobold demonologist (D:8)
  2 yaktaurs (D:13)
  A tengu conjurer (D:13)
  2 freezing wraiths (D:14)
  9 komodo dragons
  Psyche (D:11)
  8 trolls
  2 queen bees
  7 jumping spiders
  6 polar bears
  13 tarantellas
  7 hornets (Lair:5)
  Grinder (D:4)
  8 blink frogs
  4 slime creatures
  Sigmund (D:2)
  2 shadows
  A spriggan skeleton (D:15)
  44 yaks
  4 culicivoras
  3 wraiths
  Eustachio (D:4)
  6 basilisks
  16 wyverns
  A human (D:13)
  Grum (Lair:1)
  A steam dragon (Lair:3)
  A warg (D:15)
  12 redbacks
  6 vampire mosquitoes
  4 swamp worms (Lair:1)
  An acid dragon (D:13)
  34 water moccasins
  Duvessa (D:4)
  4 orc warriors
  2 sky beasts
  A black bear (D:7)
  An ice beast (D:6)
  5 boggarts (D:14)
  45 wolves
  12 centaurs
  A phantom (D:4)
  Blork the orc (D:4)
  20 bullfrogs
  3 gnoll sergeants
  3 scorpions
  10 wights
  61 killer bees
  A howler monkey (D:11)
  7 electric eels
  2 bombardier beetles (D:5)
  6 hounds
  5 jellies
  7 orc priests
  A gnoll bouda (D:9)
  An iguana (D:4)
  3 sleepcaps
  6 orc wizards
  Ijyb (D:5)
  A mummy (D:6)
  Robin (D:2)
  14 gnolls
  4 adders
  A shadow imp (D:8)
  2 dart slugs
  A ribbon worm (D:3)
  28 orcs
  8 ball pythons
  9 bats
  20 endoplasms
  5 giant cockroaches
  10 goblins
  18 hobgoblins
  2 jackals (D:4)
  5 kobolds
  4 quokkas
  2 frilled lizards (D:1)
  2 hobgoblin zombies (D:4)
  2 orc zombies (D:4)
  3 rats
  A spectral weapon (Spider:1)
752 creatures vanquished.

Vanquished Creatures (others)
  An occultist (D:13)
  Sonja (D:11)
  A rime drake (IceCv)
  A wolf (Lair:1)
  8 jellies
12 creatures vanquished.

Grand Total: 764 creatures vanquished

Notes
Turn   | Place    | Note
-------+----------+-------------------------------------------
     0 | D:1      | RoseCult the Minotaur Fighter began the quest for the Orb.
     0 | D:1      | Reached XP level 1. HP: 19/19 MP: 0/0
   164 | D:1      | Reached XP level 2. HP: 27/27 MP: 1/1
   965 | D:2      | Reached XP level 3. HP: 33/33 MP: 2/2
   966 | D:2      | Noticed Sigmund
  1106 | D:2      | Killed Sigmund
  1107 | D:2      | Reached XP level 4. HP: 34/41 MP: 3/3
  1107 | D:2      | Reached XP level 5. HP: 40/47 MP: 4/4
  1392 | D:2      | Reached skill level 5 in Armour
  1530 | D:2      | Found a faded altar of an unknown god.
  1603 | D:2      | Noticed Robin
  1609 | D:2      | Reached skill level 5 in Fighting
  1626 | D:2      | Reached skill level 5 in Shields
  1632 | D:2      | Killed Robin
  1800 | D:3      | You fall into a shaft and drop 1 floor!
  1851 | D:4      | Reached XP level 6. HP: 55/56 MP: 5/5
  1852 | D:4      | Noticed Eustachio
  1899 | D:4      | Gained mutation: You are dopey. (Int -2) [potion of
                  | mutation]
  1899 | D:4      | Lost mutation: You are dopey. (Int -2) [potion of mutation]
  1935 | D:4      | Killed Eustachio
  2020 | D:4      | Noticed Grinder
  2052 | D:4      | Paralysed by Grinder for 5 turns
  2060 | D:4      | Killed Grinder
  2061 | D:4      | Reached skill level 5 in Axes
  2061 | D:4      | Reached XP level 7. HP: 30/62 MP: 6/6
  2679 | D:4      | Noticed Blork the orc
  2693 | D:4      | Killed Blork the orc
  3003 | D:5      | Entered Level 5 of the Dungeon
  3051 | D:5      | Noticed Ijyb
  3066 | D:5      | Killed Ijyb
  3278 | D:5      | Found a staircase to the Ecumenical Temple.
  3284 | D:5      | Noticed Duvessa
  3287 | D:5      | Noticed Pikel
  3300 | D:4      | Reached XP level 8. HP: 62/71 MP: 7/7
  3461 | D:4      | Killed Pikel
  3652 | D:5      | Noticed Dowan
  3731 | D:4      | Killed Duvessa
  5005 | D:6      | Reached XP level 9. HP: 73/81 MP: 8/8
  5781 | D:7      | Noticed a troll
  5789 | D:7      | Killed a troll
  5850 | D:7      | Found the +18 Lear's hauberk
  6573 | D:7      | Found a radiant altar of Vehumet.
  6815 | D:7      | Reached XP level 10. HP: 86/91 MP: 9/9
  7059 | D:8      | Found Ibbilu's Antique Weapon Shoppe.
  7202 | D:8      | Noticed a centaur warrior
  7204 | D:8      | Noticed a centaur warrior
  7217 | D:8      | Killed a centaur warrior
  7222 | D:8      | Killed a centaur warrior
  7223 | D:8      | Reached skill level 10 in Fighting
  7223 | D:8      | Reached skill level 10 in Armour
  7223 | D:8      | Reached skill level 10 in Shields
  7416 | D:9      | Noticed Harold
  7544 | D:8      | Reached skill level 10 in Axes
  8307 | D:9      | Killed Harold
  8338 | D:9      | Reached XP level 11. HP: 70/101 MP: 10/10
  8663 | D:8      | Bought a transparent battleaxe for 402 gold pieces
  8663 | D:8      | Identified the +7 battleaxe "Jog Xuf" {drain, rElec} (You
                  | bought it in a shop on level 8 of the Dungeon)
  8725 | D:9      | Noticed Gastronok
  8726 | D:9      | Found a staircase to the Orcish Mines.
  8743 | D:9      | Killed Gastronok
  8963 | D:9      | Noticed Maggie
  8972 | D:9      | Killed Maggie
  9115 | D:10     | Entered Level 10 of the Dungeon
  9307 | D:10     | Found a staircase to the Lair.
 10068 | D:11     | Noticed Sonja
 10083 | D:11     | Killed Sonja
 10317 | D:11     | Noticed Psyche
 10326 | D:11     | Killed Psyche
 10537 | D:11     | Noticed Amaemon
 10556 | D:11     | Killed Amaemon
 11195 | D:12     | Noticed a two-headed ogre
 11202 | D:12     | Killed a two-headed ogre
 11371 | D:12     | Found a glowing golden altar of the Shining One.
 11409 | D:12     | Reached XP level 12. HP: 107/113 MP: 11/11
 11904 | D:13     | Noticed a boulder beetle
 11920 | D:13     | Killed a boulder beetle
 12113 | D:13     | Noticed a vault guard
 12139 | D:13     | Noticed a vault guard
 12716 | D:13     | Reached skill level 1 in Throwing
 12772 | Abyss:3  | Cast into level 3 of the Abyss (an occultist)
 12780 | D:13     | Escaped the Abyss
 12858 | D:13     | Noticed a six-headed hydra
 12872 | D:13     | Killed a seven-headed hydra
 12981 | D:13     | Got the Octavo of Axaxaxas mlö
 13000 | D:13     | Got the Vellum of Plaster Cramp
 13016 | D:13     | Got Sif Muna's Secrets of Dhcmrlchtdj
 13320 | D:13     | Noticed an ogre mage
 13395 | D:13     | Noticed a vault guard
 13420 | D:13     | Killed a vault guard
 13494 | D:13     | Noticed a vault guard
 13679 | D:12     | Killed a vault guard
 13682 | D:12     | Killed a vault guard
 13695 | D:13     | Killed a vault guard
 13698 | D:13     | Paralysed by an ogre mage for 2 turns
 13701 | D:13     | Killed an ogre mage
 13900 | D:13     | Found a gate to the Vaults.
 14448 | D:14     | Noticed a boulder beetle
 14460 | D:14     | Killed a boulder beetle
 14461 | D:14     | Reached XP level 13. HP: 111/122 MP: 12/12
 14641 | D:14     | Noticed a fire dragon
 16019 | D:15     | Entered Level 15 of the Dungeon
 16019 | D:15     | Found a gate leading to a gauntlet.
 16041 | D:15     | Found a staircase to the Depths.
 16267 | D:14     | Reached skill level 5 in Throwing
 16491 | D:15     | Found Eggatohoe's Antique Weapon Shoppe.
 16507 | D:15     | Noticed a fire dragon
 16543 | D:15     | Killed a fire dragon
 17340 | D:15     | Identified the +5 scale mail "Xeileozaga" {-Tele Rampage
                  | Int+3}
 17529 | D:15     | Found a portal to a secret trove of treasure.
 17931 | Lair:1   | Entered Level 1 of the Lair of Beasts
 17951 | Lair:1   | Reached XP level 14. HP: 97/133 MP: 13/13
 18134 | Lair:1   | Noticed Grum
 18140 | Lair:1   | Killed Grum
 18345 | Lair:1   | Noticed Jeremiah
 18353 | Lair:1   | Killed Jeremiah
 19036 | Lair:2   | Reached skill level 15 in Fighting
 19262 | Lair:2   | Reached skill level 15 in Shields
 19320 | Lair:2   | Reached skill level 15 in Armour
 19356 | Lair:2   | Identified the +0 plate armour of Dogma {+Inv Dex+4}
 19820 | Lair:2   | Found a staircase to the Swamp.
 20067 | Lair:3   | Found a hole to the Spider Nest.
 20149 | Lair:3   | Reached skill level 15 in Axes
 21984 | Lair:4   | Reached XP level 15. HP: 126/143 MP: 14/14
 22278 | Lair:5   | Entered Level 5 of the Lair of Beasts
 22333 | Lair:5   | Identified the +9 trident "Veattuq" {holy, Str+2 Dex+4
                  | Stlth+}
 22357 | Lair:5   | Found a frozen archway.
 22436 | IceCv    | Entered an ice cave
 22750 | IceCv    | Noticed a frost giant
 22764 | IceCv    | Killed a frost giant
 23482 | Lair:5   | Found a staircase to the Slime Pits.
 23485 | Lair:5   | Found a viscous altar of Jiyva.
 23502 | Lair:5   | Became a worshipper of Jiyva Joxo the Shapeless
 23505 | Slime:1  | Entered Level 1 of the Pits of Slime
 23505 | Slime:1  | Noticed an azure jelly
 23694 | Slime:2  | Noticed an acid blob
 23720 | Slime:2  | Noticed an acid blob
 23720 | Slime:2  | Noticed an acid blob
 23781 | Slime:3  | Noticed an acid blob
 23783 | Slime:3  | Noticed an azure jelly
 23784 | Slime:3  | Noticed an azure jelly
 24066 | Slime:4  | Noticed an acid blob
 24153 | Slime:5  | Entered Level 5 of the Pits of Slime
 24162 | Slime:5  | Noticed an azure jelly
 24185 | Slime:5  | Noticed an azure jelly
 24233 | Slime:5  | Noticed an acid blob
 24236 | Slime:5  | Noticed a rockslime
 24253 | Slime:5  | Noticed an azure jelly
 24258 | Slime:5  | Noticed an azure jelly
 24259 | Slime:5  | Noticed an acid blob
 24266 | Slime:5  | Noticed an acid blob
 24273 | Slime:5  | Noticed an acid blob
 24275 | Slime:5  | Found a viscous altar of Jiyva.
 24277 | Slime:5  | Noticed an acid blob
 24293 | Slime:5  | Noticed an acid blob
 24293 | Slime:5  | Noticed an acid blob
 24299 | Slime:5  | Noticed an acid blob
 24299 | Slime:5  | Noticed an acid blob
 24309 | Slime:5  | Noticed an acid blob
 24446 | Slime:5  | Noticed the Royal Jelly
 24468 | Slime:5  | Noticed an azure jelly
 24525 | Slime:5  | Identified 2 scrolls of acquirement
 24530 | Slime:5  | Acquired 730 gold pieces
 24535 | Slime:5  | Acquired 1033 gold pieces
 24818 | Slime:3  | Found a viscous altar of Jiyva.
 24824 | Slime:2  | Noticed an acid blob
 24830 | Slime:1  | Noticed an azure jelly
 24830 | Slime:1  | Noticed an azure jelly
 25239 | Lair:5   | Reached XP level 16. HP: 133/154 MP: 15/15
 25831 | Spider:1 | Entered Level 1 of the Spider Nest
 25991 | Spider:1 | Noticed Asterion
 26004 | Spider:1 | Killed Asterion
 26088 | Spider:1 | Reached * piety under Jiyva
 26212 | Spider:1 | Found a runed translucent gate.
 26213 | Spider:1 | Found a runed translucent gate.
 26215 | Spider:1 | Found a runed translucent gate.
 26219 | Spider:1 | Noticed EvilEddieB's ghost (journeyman DsNe)
 26219 | Spider:1 | Noticed jestert79's ghost (journeyman DgAE)
 26321 | Spider:1 | Reached skill level 10 in Throwing
 26770 | Spider:1 | Killed EvilEddieB's ghost
 26778 | Spider:1 | Killed jestert79's ghost
 27037 | Spider:1 | HP: 1/155 [wolf spider simulacrum (15)]
 27343 | Spider:2 | Reached ** piety under Jiyva
 27511 | Spider:2 | HP: 6/155 [spark wasp (13)]
 27511 | Spider:2 | HP: 2/155 [spark wasp (4)]
 27511 | Spider:2 | Slain by a spark wasp

Illustrated notes

Levels and vault maps discovered:
D:1:      evilmike_arrival_plus, layout_basic
D:2:      layout_basic, dreamdust_ecumenical_altar_hidden_monk_grotto,
          uniq_robin, uniq_sigmund
D:3:      layout_rooms, grunt_decor_one_mirror
D:4:      layout_loops_ring, minmay_misc_feat_rows, minmay_mini_ossuary,
          uniq_blork_the_orc, uniq_eustachio, uniq_grinder
D:5:      layout_basic, minmay_temple_entry_waves,
          chequers_serial_rivers_large_b, uniq_duvessa, uniq_ijyb, uniq_pikel
D:6:      layout_loops_ring, minmay_misc_feat_five
D:7:      lemuel_slime, layout_loops_cross, vehumet_altar_wand_db, serial_bayou,
          serial_bayou_pond_d, serial_bayou_pond_d, serial_bayou_crossing,
          serial_bayou_lagoon_b, serial_bayou_shore_b,
          hellmonk_guarded_unrand_lears
D:8:      nzn_winding_woodlands_small [nzn_winding_woodlands_5x15_jagged,
          nzn_winding_woodlands_center_triple_pond,
          nzn_winding_woodlands_5x15_lazy_stream], layout_loops_ring,
          serial_shops, nicolae_shop_tiny_waterfront
D:9:      layout_irregular_city, orc_0_dummy, chequers_serial_rivers_large_a,
          uniq_gastronok, uniq_maggie, uniq_harold
D:10:     layout_long_grid, erik_lair_island
D:11:     layout_long_grid, uniq_sonja, uniq_psyche, uniq_amaemon
D:12:     layout_stronghold, tso_oasis_becter
D:13:     layout_basic, grunt_vaults_entry_fortified, bh_hangedman_babel_library
D:14:     layout_roguey, amcnicky_mini_rare_corridor_liquid
D:15:     gammafunk_depths_entry_grave, layout_long_grid,
          gauntlet_entry_generic, nicolae_trove_entry_crystal, serial_shops,
          nicolae_shop_window_shopping
Lair:1:   layout_chaotic_city, worms_lemuel, uniq_jeremiah, uniq_grum
Lair:2:   layout_gridlike, mainiacjoe_swamp_entry_lozenge_pond, special_room
          [special_room_bee], lemuel_fruit_tree
Lair:3:   regret_index_bee_streams, layout_cave_pods,
          spider_nest_entry_web_field
Lair:4:   layout_small_grid, nicolae_lair_lindhole
Lair:5:   hangedman_lair_tendril_chambers, layout_concentric_octagons,
          minmay_slime_entry_pillars, portal_ice_cave_entry_pillars_2,
          dreamdust_wasp_nest, serial_bayou_shore_a
Spider:1: layout_cave_pods, gammafunk_ghost_cemetery,
          hangedman_spider_tarantella_strand, uniq_asterion
Spider:2: layout_spider_delve
Slime:1:  layout_caves
Slime:2:  layout_caves, nicolae_slime_welcoming_committee
Slime:3:  layout_caves, basic_altar
Slime:4:  layout_caves
Slime:5:  slime_pit_nicolae_inversion

Skill      XL: |  1  2  3  4  5  6  7  8  9 10 11 12 13 14 15 16 |
---------------+-------------------------------------------------+-----
Armour         | 4 5 6 7 9 10 12 13 14 15 16 17 | 17.3
Fighting       | 4 5 6 7 9 10 12 13 14 15 16 17 | 17.3
Axes           | 3 4 5 6 7 9 10 12 13 14 15 16 17 | 17.1
Shields        | 4 5 6 7 9 10 12 13 14 15 16 17 | 17.3
Throwing       | 3 6 8 9 10 | 10.5

Action                     |  1- 3 |  4- 6 |  7- 9 | 10-12 | 13-15 | 16-18 || total
---------------------------+-------+-------+-------+-------+-------+-------++-------
  Melee: War axe           |    54 |    81 |   237 |   176 |       |       ||   548
         Headbutt          |     6 |    11 |    55 |    73 |   198 |    32 ||   375
         Unarmed           |       |       |    10 |     8 |       |       ||    18
         Battleaxe         |       |       |       |   205 |   913 |   160 ||  1278
  Throw: Dart              |       |     1 |     8 |    35 |    19 |       ||    63
         Boomerang         |       |       |       |    42 |       |       ||    42
         Throwing net      |       |       |       |     5 |     1 |       ||     6
  Evoke: Wand              |       |       |       |       |     7 |     1 ||     8
    Use: Scroll            |     1 |       |     7 |    10 |    12 |     2 ||    32
         Potion            |     1 |     3 |     1 |     1 |     3 |     5 ||    14
 Armour: Scale mail        |    66 |    65 |   104 |       |       |       ||   235
         Skin              |       |     4 |     1 |     3 |       |       ||     8
         Chain mail        |       |       |    29 |   329 |  1029 |   323 ||  1710
  Dodge: Dodged            |    33 |    39 |   157 |   378 |   764 |   183 ||  1554
  Block: Buckler           |    16 |    20 |    63 |   110 |       |       ||   209
         Reflection        |       |       |       |    16 |    16 |       ||    32
         Other             |       |       |       |    65 |   102 |       ||   167

Table legend: (Time is in decaauts)
 A = Elapsed time spent in this place.
 B = Non-inter-level travel time spent in this place.
 C = Inter-level travel time spent in this place.
 D = Time resting spent in this place.
 E = Time spent auto-exploring this place.
 F = Levels seen in this place.
 G = Mean time per level.
                   A        B        C        D        E       F      G
               +--------+--------+--------+--------+--------+-----+--------+
         Total |  27737 |  26226 |   1511 |   5980 |  13027 |  29 |  956.4 |
       Dungeon |  18163 |  17122 |   1041 |   4746 |   7949 |  15 | 1210.9 |
          Lair |   5749 |   5471 |    278 |    692 |   3096 |   5 | 1149.8 |
   Spider Nest |   1621 |   1570 |     51 |    365 |    739 |   2 |  810.5 |
    Slime Pits |   1579 |   1438 |    141 |      0 |   1059 |   5 |  315.8 |
         Abyss |      7 |      7 |      0 |      0 |      0 |   1 |    7.0 |
      Ice Cave |    616 |    616 |      0 |    177 |    184 |   1 |  616.0 |
               +--------+--------+--------+--------+--------+-----+--------+

Top non-repeatable levels by time:
    D:13: 2421 daAuts
    D:14: 2016 daAuts
     D:4: 1821 daAuts
  Lair:3: 1353 daAuts
Spider:1: 1330 daAuts
     D:7: 1322 daAuts
    D:12: 1247 daAuts
    D:15: 1241 daAuts
  Lair:4: 1210 daAuts
  Lair:1: 1164 daAuts
     D:8: 1119 daAuts
  Lair:5: 1098 daAuts
     D:6: 1019 daAuts
     D:9: 1007 daAuts
    D:11: 978 daAuts
